AoeStats
← ZamSerg

Black Forest

506264444Analyzed
4v4 RM · 19d ago on Sep 13, 2026· 57m 0s· 8 players
Game mode
Random Map
Map size
Large (8 player)
Population
200
Speed
Normal
Resources
Standard
Victory
Conquest
Starting age
Dark Age
Ending age
Imperial Age
RankedLock teamsTeams togetherTeam positionsShared explorationLock speedFull tech treeHidden civsTurbo modeCheats
Victory
Defeat
🇨🇳 Japanese · China
1377
+14
🇲🇽 Hindustanis · Mexico
1376
+14
🇨🇦 Vikings · Canada
1361
+15
🇨🇳 Spanish · China
1352
+15
🇨🇴 Sicilians · Colombia
1406
-18
🇺🇸 Tupi · United States
1327
-14
🇦🇷 Berbers · Argentina
1320
-14
🇷🇺 Jurchens · Russia
1267
-12
Macielinho
0:39 Loom
10:34 Feudal Age
14:50 Castle Age
13:36 Double-Bit Axe
13:53 Scale Mail Armor
21:26 Bow Saw
21:40 Horse Collar
26:04 Wheelbarrow
28:38 Heavy Plow
29:27 Gold Mining
32:38 Imperial Age
30:38 Scale Barding Armor
30:47 Town Watch
31:58 Chain Barding Armor
31:48 Forging
34:03 Conscription
34:56 Chemistry
34:10 Masonry
34:41 Gold Shaft Mining
33:35 Light Cavalry
34:25 Bloodlines
34:16 Husbandry
33:39 Heavy Camel Rider
35:14 Iron Casting
34:40 Padded Archer Armor
35:15 Plate Barding Armor
34:53 Shatagni
37:16 Blast Furnace
36:06 Fletching
36:51 Leather Archer Armor
37:32 Ballistics
37:32 Caravan
39:23 Siege Engineers
40:13 Bodkin Arrow
41:00 Hussar
45:58 Ring Archer Armor
48:01 Two-Man Saw
46:54 Imperial Camel Rider
帝国时代2--叶枫
11:19 Feudal Age
12:01 Double-Bit Axe
17:53 Castle Age
16:28 Horse Collar
18:41 Fishing Lines
20:16 Bow Saw
22:31 Wheelbarrow
22:29 Gillnets
24:50 Heavy Plow
27:09 Gold Mining
28:38 Stone Mining
31:38 Imperial Age
29:26 Scale Barding Armor
29:33 Forging
30:09 Stone Shaft Mining
29:49 Masonry
30:09 Bloodlines
29:59 Husbandry
30:29 Chain Barding Armor
30:40 Caravan
31:38 Ballistics
31:57 Iron Casting
31:13 Fletching
31:46 Hand Cart
31:17 Loom
31:17 Town Watch
32:48 Coinage
32:02 Cavalier
33:54 Chemistry
33:51 Plate Barding Armor
34:28 Two-Man Saw
33:58 Conscription
33:49 Town Patrol
34:56 Blast Furnace
35:01 Bombard Tower
35:32 Banking
35:14 Guilds
34:51 Paladin
35:51 Light Cavalry
38:30 Squires
37:51 Pikeman
39:53 Architecture
39:09 Arrowslits
40:09 Halberdier
41:14 Hussar
42:51 Murder Holes
43:07 Fortified Wall
48:58 Bodkin Arrow
50:58 Scale Mail Armor
52:22 Chain Mail Armor
52:10 Bracer
54:40 Plate Mail Armor
steveo9976
11:33 Feudal Age
12:39 Double-Bit Axe
13:58 Loom
16:21 Castle Age
18:05 Fishing Lines
18:58 Bow Saw
18:43 Horse Collar
20:57 Loom
23:46 Gillnets
24:25 Heavy Plow
28:20 Imperial Age
26:18 Forging
26:20 Gold Mining
26:16 Pikeman
27:42 Squires
27:57 Scale Mail Armor
29:14 Iron Casting
29:02 Chain Mail Armor
30:11 Two-Man Saw
28:40 Capped Ram
30:57 Blast Furnace
29:51 Siege Ram
31:08 Conscription
31:11 Chieftains
31:38 Scale Barding Armor
32:13 Onager
33:57 Stone Mining
34:39 Crop Rotation
35:17 Chemistry
34:24 Siege Engineers
35:50 Plate Mail Armor
35:39 Bogsveigar
41:36 Town Watch
42:00 Fletching
45:26 Town Patrol
50:53 Bodkin Arrow
51:38 Bracer
51:31 Arson
52:05 Heavy Scorpion
54:00 Hoardings
56:57 Treadmill Crane
57:38 Ballistics
SlyFever
0:27 Loom
11:54 Feudal Age
14:48 Wheelbarrow
21:18 Castle Age
19:19 Fletching
19:33 Double-Bit Axe
21:20 Fishing Lines
21:57 Bodkin Arrow
24:02 Stone Mining
28:33 Imperial Age
26:29 Gillnets
27:32 Guard Tower
27:37 Gold Mining
28:56 Gold Shaft Mining
28:58 Bow Saw
28:30 Horse Collar
29:27 Hand Cart
29:25 Bracer
29:28 Town Watch
30:05 Bow Saw
33:06 Scale Mail Armor
33:15 Yasama
33:12 Arrowslits
34:17 Chain Mail Armor
34:12 Forging
34:37 Conscription
35:20 Kataparuto
36:23 Chemistry
35:59 Treadmill Crane
37:01 Masonry
37:44 Ballistics
38:50 Plate Mail Armor
39:09 Squires
40:10 Iron Casting
40:51 Keep
42:54 Blast Furnace
41:57 Murder Holes
43:24 Pikeman
45:24 Coinage
45:46 Halberdier
47:14 Banking
48:01 Arson
51:36 Two-Man Saw
51:26 Padded Archer Armor
51:40 Elite Samurai
54:55 Town Patrol
55:53 Leather Archer Armor
55:48 Siege Engineers
57:34 Ring Archer Armor
Istar
2:07 Loom
8:38 Feudal Age
14:39 Double-Bit Axe
16:41 Fishing Lines
18:57 Town Watch
22:09 Castle Age
20:07 Horse Collar
22:08 Wheelbarrow
23:11 Bow Saw
23:55 Heavy Plow
24:10 Gillnets
28:05 Hand Cart
28:02 Gold Mining
32:33 Imperial Age
30:30 Masonry
34:05 Gold Shaft Mining
33:21 Stone Mining
34:02 Crop Rotation
33:10 Onager
34:19 Scale Barding Armor
34:24 Forging
34:29 Cavalier
35:10 Husbandry
35:20 Bloodlines
35:32 Chain Barding Armor
37:54 Plate Barding Armor
37:56 Light Cavalry
39:36 Fletching
41:46 Caravan
42:32 Scale Mail Armor
43:07 Iron Casting
41:54 Elite Serjeant
45:59 Chain Mail Armor
48:32 Plate Mail Armor
48:04 Squires
47:50 Arson
48:38 First Crusade
49:44 Blast Furnace
49:54 Conscription
BocaJuniorsElMasGrande
3:44 Loom
4:50 Loom
5:22 Loom
9:33 Feudal Age
9:47 Man-at-Arms
11:37 Double-Bit Axe
12:12 Arson
17:19 Fishing Lines
17:43 Horse Collar
21:41 Castle Age
20:03 Scale Mail Armor
20:25 Loom
22:46 Gillnets
23:24 Bow Saw
24:21 Caravan
27:52 Gold Mining
28:44 Wheelbarrow
28:58 Heavy Plow
30:19 Ballistics
30:10 Masonry
30:13 Fortified Wall
30:16 Bloodlines
30:06 Husbandry
30:36 Town Watch
31:02 Forging
31:12 Fletching
32:39 Iron Casting
35:17 Imperial Age
33:06 Fervor
33:41 Scale Barding Armor
34:03 Hand Cart
33:48 Town Patrol
36:00 Chain Barding Armor
35:51 Bodkin Arrow
35:48 Guard Tower
35:23 Cavalier
37:09 Blast Furnace
36:08 Bodkin Arrow
37:19 Plate Barding Armor
37:16 Crop Rotation
37:10 Conscription
38:16 Hoardings
40:06 Chemistry
38:52 Arrowslits
40:09 Blast Furnace
40:51 Heavy Camel Rider
41:40 Bodkin Arrow
41:43 Murder Holes
41:30 Treadmill Crane
43:13 Light Cavalry
46:15 Chain Mail Armor
46:01 Bracer
46:47 Squires
46:33 Pikeman
47:49 Plate Mail Armor
47:34 Hussar
57:08 Padded Archer Armor
ZamSerg
11:28 Feudal Age
16:01 Castle Age
13:53 Double-Bit Axe
14:06 Horse Collar
17:23 Bow Saw
19:27 Fishing Lines
20:44 Gold Mining
21:04 Loom
22:18 Wheelbarrow
24:40 Heavy Plow
28:30 Gold Shaft Mining
28:47 Stone Mining
29:33 Caravan
30:26 Coinage
30:03 Gillnets
31:17 Stone Shaft Mining
31:46 Hand Cart
34:15 Imperial Age
33:38 Fortified Bastions
34:12 Scale Barding Armor
33:58 Fletching
34:18 Forging
34:32 Ballistics
34:08 Murder Holes
34:18 Siege Engineers
33:55 Treadmill Crane
34:39 Town Watch
35:58 Chemistry
35:39 Crop Rotation
36:13 Two-Man Saw
35:55 Conscription
37:06 Chain Barding Armor
37:22 Iron Casting
36:42 Bodkin Arrow
37:32 Thunderclap Bombs
36:55 Elite Iron Pagoda
38:10 Hoardings
42:49 Plate Barding Armor
42:25 Bracer
43:26 Blast Furnace
42:54 Bloodlines
42:48 Husbandry
43:00 Light Cavalry
43:51 Guard Tower
44:12 Masonry
45:19 Hussar
48:10 Elite Steppe Lancer
bkg45
5:19 Loom
11:39 Feudal Age
15:24 Castle Age
13:33 Double-Bit Axe
13:56 Horse Collar
16:16 Bow Saw
18:00 Heavy Plow
18:38 Town Watch
18:51 Fishing Lines
23:28 Wheelbarrow
23:22 Fletching
24:25 Bodkin Arrow
26:07 Hand Cart
29:47 Imperial Age
27:25 Gold Mining
27:53 Stone Mining
28:48 Ballistics
29:32 Gold Shaft Mining
29:18 Treadmill Crane
30:30 Bracer
29:53 Capped Ram
29:57 Elite Blackwood Archer
31:00 Conscription
30:45 Padded Archer Armor
31:47 Chemistry
31:19 Siege Ram
32:38 Curare
34:30 Leather Archer Armor
45:55 Ring Archer Armor
45:13 Arrowslits
47:16 Coinage
48:09 Scale Mail Armor
48:20 Forging
48:06 Elite Ibirapema Warrior
48:33 Arson
48:26 Champi Runner
49:54 Chain Mail Armor
49:45 Squires
50:56 Iron Casting
50:18 Champi Warrior
52:10 Plate Mail Armor
52:18 Hoardings
Connection lost

Rejoining the realm…

Still unreachable

The connection could not be restored.

Session expired

The server has moved on; the page needs a fresh start.